 Dungeon Crawl Stone Soup version 0.18-a0-998-gcb3fcb1 (webtiles) character file.

96 George the Slasher (level 4, -2/39 HPs)
             Began as a Minotaur Fighter on Jan 5, 2016.
             Slain by PinkishYellow's ghost (14 damage)
             ... on level 3 of the Dungeon.
             The game lasted 00:04:11 (1944 turns).

George the Slasher (Minotaur Fighter)               Turns: 1944, Time: 00:04:12

Health: -2/39      AC:  6    Str: 26    XL:     4   Next: 41%
Magic:  3/3        EV:  4    Int:  5    God:
Gold:   75         SH: 11    Dex: 10    Spells: 0 memorised, 3 levels left

rFire  . . .     SeeInvis .     v - +1 falchion (venom)
rCold  . . .     Gourm    .     b - +0 scale mail
rNeg   . . .     Faith    .     c - +1 shield
rPois  .         Spirit   .     (helmet restricted)
rElec  .         Dismiss  .     (no cloak)
rCorr  .         Reflect  .     (no gloves)
SustAt .         Harm     .     (no boots)
MR     .....                    (no amulet)
Stlth  ..........               (no ring)
                                x - -3 ring of evasion (curse)

@: mighty, not resistant to hostile enchantments, extremely unstealthy
A: retaliatory headbutt, horns 2
a: no special abilities


You were on level 3 of the Dungeon.
You were not hungry.

You visited 1 branch of the dungeon, and saw 3 of its levels.

You collected 75 gold pieces.

Inventory:

Hand Weapons
 v - a +1 falchion of venom (weapon)
Missiles
 h - 2 throwing nets (quivered)
Armour
 b - a +0 scale mail (worn)
 c - a +1 shield (worn)
Jewellery
 x - a cursed -3 ring of evasion (left hand)
Potions
 g - 2 potions of haste
 i - 2 potions of mutation {unknown}
 q - 2 potions of agility {unknown}
 s - 2 potions of curing {unknown}
 u - a potion of invisibility {unknown}
 w - a potion of lignification {unknown}
Comestibles
 f - 3 bread rations
 l - a beef jerky
 n - 2 meat rations


   Skills:
 - Level 3.6 Fighting
 + Level 5.7 Long Blades
 - Level 3.6 Armour
 - Level 3.6 Shields


You had 3 spell levels left.
You didn't know any spells.

Dungeon Overview and Level Annotations

Branches:
Dungeon (3/15)

Altars:
Ru
Xom

Annotations:
D:3 PinkishYellow's ghost, amateur OgBe


Innate Abilities, Weirdness & Mutations

You reflexively headbutt those who attack you in melee.
You have a pair of horns on your head.


Message History

You see here 24 stones.
You hear the rusting of a very distant drain.
You open the door.
A giant cockroach and a player ghost come into view.
PinkishYellow's ghost turns its malevolent gaze towards you.
You closely miss PinkishYellow's ghost.
PinkishYellow's ghost barely misses you.
You barely miss PinkishYellow's ghost.
You block PinkishYellow's ghost's attack.
You hit PinkishYellow's ghost. You headbutt PinkishYellow's ghost!
PinkishYellow's ghost is lightly damaged.
PinkishYellow's ghost hits you!!
Ouch! That really hurt!
Drink which item? (? for menu, Esc to quit)
You feel very mighty all of a sudden.
You block PinkishYellow's ghost's attack.
You slash PinkishYellow's ghost! You headbutt PinkishYellow's ghost!
PinkishYellow's ghost is severely damaged.
PinkishYellow's ghost hits you!
You die...

...
#.###....._.....#......
###. #.#
###.......#####.#.. # .
... ##...(.## #.##. #'###
##...#######.##. ...
###.##(...##.##. ....
#.#.#.###.##.... .....
#.....# #.#####.
......####...#####.#####.
......sW@................
......####.........###.#.
..... #..#########.#..
.... #.## ##.###. ... #.#
#.## ## #+ ... ##.###.
... ##.#.# .. ##.## #.#


You could see PinkishYellow's ghost and a giant cockroach.

Vanquished Creatures
  4 gnolls (D:2)
  2 adders
  A worm (D:2)
  5 bats
  2 giant cockroaches
  5 goblins (D:1)
  6 hobgoblins (D:1)
  3 jackals (D:3)
  A giant newt (D:1)
  5 kobolds
  5 rats
39 creatures vanquished.

Notes
Turn   | Place    | Note
--------------------------------------------------------------
     0 | D:1      | George the Minotaur Fighter began the quest for the Orb.
     0 | D:1      | Reached XP level 1. HP: 19/19 MP: 0/0
    69 | D:1      | Reached XP level 2. HP: 19/26 MP: 1/1
   320 | D:1      | Reached skill level 4 in Long Blades
   704 | D:2      | Found a shimmering altar of Xom.
   829 | D:2      | Reached XP level 3. HP: 2/31 MP: 2/2
  1174 | D:2      | Reached skill level 5 in Long Blades
  1181 | D:2      | Reached XP level 4. HP: 26/39 MP: 3/3
  1854 | D:3      | Found a sacrificial altar of Ru.
  1937 | D:3      | Noticed PinkishYellow's ghost (amateur OgBe)
  1944 | D:3      | Slain by PinkishYellow's ghost

Vault maps used:
D:1:      minmay_arrival_checkered_box, hangedman_decor_clover_reticule
D:2:      xom_butterflies, first_bread
D:3:      lemuel_round_altar, lightli_sewer_entry_pipes, corexii_shack

Action                   |  1- 3 |  4- 6 || total
-------------------------+-------+-------++-------
Melee: Long sword        |    88 |     6 ||    94
       Falchion          |       |    16 ||    16
  Use: Scroll            |       |     7 ||     7
       Potion            |       |     1 ||     1
  Eat: Chunk             |     1 |     2 ||     3
